AoeStats
← Zwanno

Arena

509952808Analyzed
1v1 RM · 2d ago on Sep 28, 2026· 36m 17s· 2 players
Game mode
Random Map
Map size
Tiny (2 player)
Population
200
Speed
Normal
Resources
Standard
Victory
Conquest
Starting age
Dark Age
Ending age
Imperial Age
RankedLock teamsTeams togetherTeam positionsShared explorationLock speedFull tech treeHidden civsTurbo modeCheats
Victory
Defeat
🇦🇷 Teutons · Argentina
890
+15
🇸🇰 Danes · Slovakia
863
-15
Zwanno
9:36 Feudal Age
9:18 Loom
11:00 Double-Bit Axe
10:56 Horse Collar
19:13 Castle Age
18:38 Forging
20:42 Squires
20:11 Man-at-Arms
21:20 Fervor
22:15 Wheelbarrow
23:10 Scale Mail Armor
23:45 Iron Casting
24:01 Town Watch
24:50 Bow Saw
26:17 Heavy Plow
27:12 Chain Mail Armor
28:34 Gold Mining
28:37 Stone Mining
29:54 Fletching
34:18 Imperial Age
32:06 Hand Cart
32:59 Bodkin Arrow
33:46 Gambesons
35:45 Elite Varangian Guard
fabiancja93
8:10 Loom
10:20 Feudal Age
14:44 Castle Age
17:00 Double-Bit Axe
29:00 Imperial Age
27:44 Redemption
30:43 Wheelbarrow
30:23 Padded Archer Armor
31:10 Block Printing
31:00 Fletching
31:52 Leather Archer Armor
34:25 Hand Cart
34:56 Theocracy
Connection lost

Rejoining the realm…

Still unreachable

The connection could not be restored.

Session expired

The server has moved on; the page needs a fresh start.